 Dungeon Crawl Stone Soup version 0.22-a0-252-gcace5d2 (webtiles) character file.

99 KristoblXynda the Chopper (level 4, -3/36 HPs)
             Began as a Draconian Gladiator on Mar 1, 2018.
             Slain by a hobgoblin
             ... wielding a +0 club
              (5 damage)
             ... on level 3 of the Dungeon.
             The game lasted 00:04:05 (1912 turns).

KristoblXynda the Chopper (Draconian Gladiator)     Turns: 1912, Time: 00:04:06

Health: -3/36      AC:  6    Str: 16    XL:     4   Next: 45%
Magic:  13/13      EV: 13    Int:  9    God:
Gold:   77         SH:  0    Dex: 13    Spells: 3/3 levels left

rFire    . . .     SeeInvis .   t - staff of summoning (curse)
rCold    + . .     Gourm    .   (no shield)
rNeg     . . .     Faith    .   (armour unavailable)
rPois    .         Spirit   .   b - +1 hat
rElec    .         Reflect  .   (no cloak)
rCorr    .         Harm     .   (no gloves)
MR       .....                  (no boots)
Stlth    +.........             (no amulet)
HPRegen  0.12/turn              e - ring of protection from cold
MPRegen  0.13/turn              o - ring of magical power

@: no status effects
A: unfitting armour, cold-blooded, AC +5
a: no special abilities


You were on level 3 of the Dungeon.
You were not hungry.

You visited 1 branch of the dungeon, and saw 3 of its levels.

You collected 77 gold pieces.

Inventory:

Hand Weapons
 a - a +1 war axe
Missiles
 c - 3 throwing nets (quivered)
 r - 6 javelins
Armour
 b - a +1 hat (worn)
Magical Staves
 t - a cursed staff of summoning (weapon)
Jewellery
 e - a ring of protection from cold (left hand)
 o - a ring of magical power (right hand)
Scrolls
 g - 3 scrolls of blinking
 h - a scroll of amnesia
 l - a scroll of magic mapping {unknown}
 m - 2 scrolls of enchant weapon
Potions
 f - 2 potions of heal wounds
 i - 3 potions of curing
 j - a potion of brilliance {unknown}
 k - 2 potions of berserk rage
Comestibles
 d - 2 rations
 n - 2 chunks of flesh


   Skills:
 - Level 2.1 Fighting
 * Level 4.2 Axes
 + Level 2.5 Throwing
 + Level 3.4 Dodging


You had 3 spell levels left.
You didn't know any spells.

Dungeon Overview and Level Annotations

Branches:
Dungeon (3/15)

Altars:


Innate Abilities, Weirdness & Mutations

Your plain brown scales are hard. (AC +5)
You cannot fit into any form of body armour.
You are cold-blooded and may be slowed by cold attacks.


Message History

a flail; a dagger; a chain mail There isn't anything to butcher here.
There isn't anything to butcher here.
You start resting.
Some of the chunks of flesh in your inventory have rotted away.
A hobgoblin comes into view. It is wielding a club.
A hobgoblin is nearby!
A hobgoblin is nearby!
Things that are here:
a flail; a dagger; a chain mail You closely miss the hobgoblin.
Your tail-slap misses the hobgoblin.
The hobgoblin closely misses you.
You closely miss the hobgoblin.
The hobgoblin hits you but does no damage. x2
You hit the hobgoblin but do no damage. The hobgoblin hits you with a club.
* * * LOW HITPOINT WARNING * * *
You closely miss the hobgoblin. The hobgoblin hits you with a club.
* * * LOW HITPOINT WARNING * * *
You barely miss the hobgoblin. The hobgoblin hits you with a club.
You die...

#..........#
#..........#
##.........#
##.#......#
#.#....###
#..)..####
###......#
#...######
#...#.g@.#
#(..#)####
####...†...#
#......###.#
#.##.#........
# #.#.###.....
...o. .####
##.... # #...>


You could see a hobgoblin.

Vanquished Creatures
  5 adders
  A dart slug (D:1)
  A leopard gecko (D:2)
  7 orcs (D:3)
  3 giant cockroaches
  3 goblins
  6 hobgoblins
  3 kobolds (D:1)
  A ball python (D:3)
  4 bats
  2 frilled lizards (D:2)
  9 rats
45 creatures vanquished.

Notes
Turn   | Place    | Note
-------+----------+-------------------------------------------
     0 | D:1      | KristoblXynda the Draconian Gladiator began the quest for the Orb.
     0 | D:1      | Reached XP level 1. HP: 17/17 MP: 1/1
   101 | D:1      | Reached XP level 2. HP: 22/24 MP: 2/2
   820 | D:2      | Reached XP level 3. HP: 25/29 MP: 3/3
  1267 | D:2      | Reached XP level 4. HP: 36/36 MP: 4/4
  1272 | D:2      | Reached skill level 4 in Axes
  1912 | D:3      | Slain by a hobgoblin

Vault maps used:
D:1:      nzn_arrival_settlement
D:3:      kennysheep_vampire_church, lemuel_crystal_altar,
          minmay_misc_feat_encased, grunt_qazlal_sundering, uniq_grinder,
          uniq_crazy_yiuf_cottage

Skill      XL: |  1  2  3  4 |
---------------+-------------+-----
Throwing       | 2 |  2.5
Dodging        | 3 |  3.4
Axes           | 4 |  4.2
Fighting       | |  2.1

Action                   |  1- 3 |  4- 6 || total
-------------------------+-------+-------++-------
Melee: War axe           |    90 |     5 ||    95
       Tailslap          |     6 |    11 ||    17
       Staff             |       |    79 ||    79
Throw: Throwing net      |       |     1 ||     1
  Use: Scroll            |       |    10 ||    10
 Stab: Sleeping          |     2 |       ||     2
  Eat: Chunk             |     1 |     2 ||     3
Armor: Skin              |    27 |    22 ||    49
Dodge: Dodged            |   107 |    51 ||   158

Table legend:
 A = Spawn XP
 B = Non-spawn XP
 C = Spawn XP percentage of total XP
 D = Spawn monster count
 E = Non-spawn monster count
 F = Spawn count percentage of total count
 G = Total turns spent on level
                    A         B        C        D         E        F      G
               +---------+---------+-------+---------+---------+-------+---------
         Total |       0 |     142 |   0.0 |       0 |      45 |   0.0 |  1912
               +---------+---------+-------+---------+---------+-------+---------
           D:1 |       0 |      29 |   0.0 |       0 |      18 |   0.0 |   813
           D:2 |       0 |      77 |   0.0 |       0 |      17 |   0.0 |   799
           D:3 |       0 |      36 |   0.0 |       0 |      10 |   0.0 |   300
               +---------+---------+-------+---------+---------+-------+---------
